Map: Glittering Ashes LE

Players

Kiddies

  • Race: Terran Terran
  • League: Master
  • Spawn Location: 7:00

Warthog - Winner!

  • Race: Terran Terran
  • League: Master
  • Spawn Location: 1:00

VOD

Have the link to the VOD?

Description

Time

  • Played on: Jan. 11, 2022, 11:45 p.m.
  • Length: 4:04
Show
View Real Time Build Order
Export as new Build Order

Kiddies Terran 

Build Orders:  

Get SALT Encoding   

  12  0:00  SCV  
  13  0:17  Supply Depot  
  13  0:40  Barracks  
  13  0:50  Barracks  
  13  1:06  Barracks  
  13  1:10  SCV  
  14  1:27  Marine  
  14  1:31  Barracks  
  15  1:37  Marine  
  16  1:44  Marine  
  18  1:55  Marine  
  18  2:00  Supply Depot  
  18  2:01  Marine  
  19  2:04  Marine  
  19  2:16  Marine  
  19  2:19  Marine  
  21  2:28  Supply Depot  
  21  2:29  Marine  
  17  2:34  Marine  
  19  2:38  Marine  
  20  2:47  Marine  
  20  2:50  Marine  
  22  2:54  Marine  
Show
View Real Time Build Order
Export as new Build Order

Warthog Terran - Winner!

Build Orders:  

Get SALT Encoding   

  12  0:00  SCV  
  13  0:12  SCV  
  14  0:17  Supply Depot  
  14  0:24  SCV  
  15  0:38  SCV  
  15  0:41  Barracks  
  16  0:45  Refinery  
  16  0:51  SCV  
  16  0:52  Refinery  
  17  1:03  SCV  
  18  1:15  SCV  
  19  1:29  Reaper, Orbital Command  
  20  1:42  Factory  
  20  1:48  Supply Depot  
  20  1:55  SCV  
  20  2:01  Reaper  
  22  2:12  SCV  
  22  2:22  Bunker  
  22  2:28  Hellion  
  23  2:33  Reaper, SCV  
  25  2:38  Supply Depot  
  25  2:51  Factory Tech Lab  
  25  3:00  SCV  
  27  3:05  Reaper  
  27  3:16  Siege Tank  
  27  3:17  SCV  
  31  3:23  Command Center  
  31  3:35  SCV  
  31  3:37  Supply Depot  
  32  3:47  SCV  
Tags
 
Add a new tag
Caveats
  • Supply blocks, unpowered buildings, or Contaminate may cause inaccurate times.
  • Supply counts are checked every 10 seconds.